 Dungeon Crawl Stone Soup version 0.23.2-33-g5129a83184 (webtiles) character file.

Game seed: 3743224500565009677

156 Exodus22XD the Magician (level 5, 0/28 HPs)
             Began as a Deep Elf Wizard on July 2, 2019.
             Hit by a stone thrown by an orc (3 damage)
             ... on level 4 of the Dungeon.
             The game lasted 00:11:33 (3327 turns).

Exodus22XD the Magician (Deep Elf Wizard)           Turns: 3327, Time: 00:11:33

Health: 0/28       AC:  2    Str:  4    XL:     5   Next: 14%
Magic:  0/13       EV: 13    Int: 24    God:
Gold:   214        SH:  0    Dex: 13    Spells: 4/12 levels left

rFire    . . .     SeeInvis .   p - +0 short sword (speed)
rCold    . . .     Gourm    .   (no shield)
rNeg     . . .     Faith    .   a - +0 robe
rPois    .         Spirit   .   b - +0 hat
rElec    .         Reflect  .   (no cloak)
rCorr    .         Harm     .   (no gloves)
MR       .....                  (no boots)
Stlth    +++.......             (no amulet)
HPRegen  0.09/turn              o - ring of stealth
MPRegen  0.13/turn              (no ring)

@: no status effects
A: no striking features
a: no special abilities


You were on level 4 of the Dungeon.
You were not hungry.

You visited 1 branch of the dungeon, and saw 4 of its levels.

You collected 214 gold pieces.

Inventory:

Hand Weapons
 p - a +0 short sword of speed (weapon)
Armour
 a - a +0 robe (worn)
 b - a +0 hat (worn)
Jewellery
 o - a ring of stealth (left hand)
Scrolls
 g - a scroll of magic mapping
 j - 2 scrolls of amnesia
 k - a scroll of enchant weapon {unknown}
 l - 2 scrolls of teleportation
 n - a scroll of enchant armour {unknown}
Potions
 h - 2 potions of curing
 i - a potion of heal wounds {unknown}
 m - a potion of might {unknown}
 q - a potion of flight {unknown}
 r - 2 potions of haste {unknown}
Comestibles
 d - 6 rations


   Skills:
 - Level 2.4 Dodging
 - Level 2.4 Stealth
 - Level 4.4 Spellcasting
 - Level 3.1 Conjurations
 - Level 3.0 Summonings
 - Level 2.5 Translocations
 * Level 2.1 Fire Magic


You had 4 spell levels left.
You knew the following spells:

 Your Spells              Type           Power        Failure   Level  Hunger
a - Magic Dart            Conj           ###.         2%          1    None
b - Call Imp              Summ           ###.....     4%          2    None
c - Blink                 Tloc           N/A          4%          2    None
d - Conjure Flame         Conj/Fire      ###.....     10%         3    ##.....

Your spell library contained the following spells:

 Spells                   Type           Power        Failure   Level  Hunger
 Slow                     Hex            #.......     14%         2    None
 Mephitic Cloud           Conj/Pois/Air  ##......     19%         3    ##.....


Dungeon Overview and Level Annotations

Branches:
Dungeon (4/15)
 Temple: D:4-7

Altars:
Cheibriados
Nemelex Xobeh
Uskayaw


Message History

Aim: an orc priest, wearing a +0 scale mail (blue smoke) Attack!
The orc throws a stone.
The stone closely misses you.
The orc priest hits your white imp but does no damage.
Your crimson imp hits the orc priest but does no damage.
Your white imp gestures at the orc priest.
The puff of frost hits the orc priest.
Casting: Call Imp (safe; 4% risk of failure)
Confirm with . or Enter, or press ? or * to list all spells.
Aiming: Magic Dart (safe; 2% risk of failure)
Press: ? - help, Shift-Dir - straight line, f/p - orc priest
Aim: an orc priest, wearing a +0 scale mail (moderately wounded)
The magic dart hits the orc priest but does no damage.
The orc priest is moderately wounded.
The orc priest invokes the aid of Beogh against you.
Pain shoots through your body!
* * * LOW HITPOINT WARNING * * *
The orc throws a stone.
The stone closely misses your white imp.
The stone hits you.
You die...

###
#........
..##........
#...........
#(........
#....#..
#....##
#.<..##
##....##
#..@o5##
##.55..#
##o.o..#
##?)...#
##.....#
#.....#
......
#..... .....


You could see 2 orc priests, an orc, a friendly crimson imp and 2 friendly white
imps.

Vanquished Creatures
  3 adders
  4 oozes
  2 dart slugs
  A leopard gecko (D:1)
  An orc (D:4)
  10 bats
  2 giant cockroaches
  10 goblins
  4 hobgoblins
  7 jackals
  15 kobolds
  A quokka (D:3)
  2 frilled lizards (D:1)
  5 rats (D:1)
67 creatures vanquished.

Vanquished Creatures (collateral kills)
  An orc wizard (D:4)
  A worm (D:2)
  2 orcs
  A ball python (D:1)
  A giant cockroach (D:1)
  3 jackals
  2 kobolds
  A quokka (D:2)
12 creatures vanquished.

Grand Total: 79 creatures vanquished

Notes
Turn   | Place    | Note
-------+----------+-------------------------------------------
     0 | D:1      | Exodus22XD the Deep Elf Wizard began the quest for the Orb.
     0 | D:1      | Reached XP level 1. HP: 10/10 MP: 7/7
   115 | D:1      | Reached XP level 2. HP: 8/15 MP: 0/9
   135 | D:1      | Learned a level 2 spell: Call Imp
   767 | D:1      | Reached XP level 3. HP: 19/19 MP: 1/10
  1142 | D:1      | Learned a level 2 spell: Blink
  1850 | D:2      | Found a hide-covered altar of Uskayaw.
  1850 | D:2      | Found a sparkling altar of Nemelex Xobeh.
  1855 | D:2      | Reached XP level 4. HP: 24/24 MP: 8/12
  1860 | D:2      | Learned a level 3 spell: Conjure Flame
  1999 | D:2      | Found a snail-covered altar of Cheibriados.
  2084 | D:2      | Found a faded altar of an unknown god.
  2789 | D:3      | Reached skill level 1 in Fire Magic
  3220 | D:4      | Noticed a slave
  3325 | D:4      | Reached XP level 5. HP: 15/28 MP: 1/13
  3327 | D:4      | Hit by a stone thrown by an orc

Skill      XL: |  1  2  3  4 |
---------------+-------------+-----
Conjurations   | 2 3 |  3.1
Summonings     | 3 |  3.0
Translocations | 2 |  2.5
Fire Magic     | 2 |  2.1
Dodging        | |  2.4
Stealth        | |  2.4
Spellcasting   | |  4.4

Action                   |  1- 3 |  4- 6 || total
-------------------------+-------+-------++-------
Melee: Dagger            |    11 |       ||    11
       Short sword       |       |     3 ||     3
 Cast: Magic Dart        |    90 |    70 ||   160
       Call Imp          |     4 |     4 ||     8
  Use: Scroll            |       |     5 ||     5
  Eat: Chunk             |     3 |     4 ||     7
Armor: Robe              |     4 |     1 ||     5
Dodge: Dodged            |    26 |    12 ||    38
